 Dungeon Crawl Stone Soup version 0.31-a0-819-gf6de2f5ab6 (webtiles) character file.

Game seed: 14221120405385628044

2304 qw the Skirmisher (level 9, -14/57 HPs)
             Began as a Gargoyle Hunter on Sept 23, 2023.
             Was an Initiate of Okawaru.
             Demolished by a swamp worm (18 damage)
             ... on level 7 of the Dungeon.
             The game lasted 00:02:37 (6096 turns).

qw the Skirmisher (Gargoyle Hunter)                 Turns: 6096, Time: 00:02:38

Health: -14/57     AC: 19    Str: 15    XL:     9   Next: 40%
Magic:  9/9        EV: 11    Int: 10    God:    Okawaru [......]
Gold:   352        SH:  0    Dex: 17    Spells: 8/8 levels left

rFire   . . .        Y - +1 shortbow (chaos)
rCold   . . .        (shield currently unavailable)
rNeg    + . .        j - +3 ring mail
rPois   inf          h - +0 helmet
rElec   +            (no cloak)
rCorr   .            d - +2 pair of gloves
SInv    .            (no boots)
Will    .....        (no amulet)
Stlth   +            (no ring)
HPRegen 0.29/turn    (no ring)
MPRegen 0.11/turn

%: no passive effects
@: about to teleport, very slow
A: sickness immunity, AC +6, negative energy resistance 1, electricity
resistance, torment resistance 1, petrification resistance
a: Renounce Religion


You were on level 7 of the Dungeon.
You worshipped Okawaru.
Okawaru was noncommittal.
You visited 2 branches of the dungeon, and saw 8 of its levels.

You collected 352 gold pieces.


Innate Abilities, Weirdness & Mutations

You are immune to sickness and miasma.
Your stone body is resilient. (AC +6)
You are immune to poison.
You resist negative energy. (rN+)
You are resistant to electric shocks. (rElec)
You are resistant to unholy torment.
You are immune to petrification.


   Skills:
 - Level 7.1 Fighting
 - Level 10.9 Ranged Weapons
 + Level 2.0 Armour
 - Level 2.2 Dodging
 - Level 1.1 Stealth
 - Level 0.5 Invocations


You had 8 spell levels left.
You didn't know any spells.
Your spell library was empty.

Inventory:

Hand Weapons
 Y - a +1 shortbow of chaos (weapon)
Armour
 d - a +2 pair of gloves (worn)
 h - a +0 helmet (worn)
 j - a +3 ring mail (worn)
Jewellery
 g - an amulet of regeneration
Scrolls
 a - 4 scrolls of identify
 b - a scroll of vulnerability {unknown}
 c - a scroll of enchant armour
 f - a scroll of teleportation
Potions
 e - a potion of might
 i - 3 potions of curing

Dungeon Overview and Level Annotations

Branches:
Dungeon (7/15)             Temple (1/1) D:6

Altars:
Ashenzari
Cheibriados
Dithmenos
Fedhas
Gozag
Nemelex Xobeh
Okawaru
Sif Muna
Uskayaw
Vehumet
Wu Jian
The Shining One


Message History

The swamp worm bites you. x2
You finish putting on your +0 helmet.
You shoot an arrow.
The arrow hits the swamp worm but does no damage.
The swamp worm barely misses you. The swamp worm completely misses you.
You shoot an arrow. The arrow hits the swamp worm.
The arrow burns the swamp worm.
The swamp worm is lightly wounded.
The swamp worm bites you but does no damage.
The swamp worm completely misses you.
The swamp worm bites you but does no damage.
You shoot an arrow.
The arrow closely misses the swamp worm.
The swamp worm bites you but does no damage.
The swamp worm closely misses you.
You shoot an arrow. The arrow hits the swamp worm!
The swamp worm seems to speed up.
The swamp worm is moderately wounded.
The swamp worm bites you!
The swamp worm bites you but does no damage.
The swamp worm bites you!
You shoot an arrow.
The arrow hits the swamp worm but does no damage.
The swamp worm is moderately wounded.
The swamp worm bites you. The swamp worm completely misses you.
The swamp worm bites you.
6094 ||| READING 2 scrolls of teleportation.
As you read the scroll of teleportation, it crumbles to dust.
You feel strangely unstable. The swamp worm barely misses you.
The swamp worm closely misses you.
The swamp worm bites you but does no damage.
You shoot an arrow. The arrow hits the swamp worm!
The arrow freezes the swamp worm!
The swamp worm is almost dead.
The swamp worm closely misses you. x2
You shoot an arrow.
The arrow closely misses the swamp worm.
The swamp worm bites you but does no damage.
The swamp worm bites you! The swamp worm bites you!!
You die...

#~~#####.#.#.#.#
#~~
#~~~.........#.#
##~~
#~~......####.#
~~~
#~~...........# #
#(~
##~~......######
#~~ #~~
#~~~......# #
#~~##~##~~#.######
# ##.~~~ww~~##.#
#..~~~~@~~##.#
#.##~~~~~.##.#
#...#........#
###...########
####


You could see 2 swamp worms.

Vanquished Creatures
  Sigmund (D:4)
  A steam dragon (D:6)
  Edmund (D:4)
  2 water moccasins
  2 ice beasts
  2 black bears
  An ogre (D:6)
  3 kobold brigands
  A phantom (D:5)
  6 scorpions
  2 howler monkeys
  A jelly (D:6)
  An orc priest (D:6)
  A gnoll bouda (D:5)
  A hound (D:6)
  Jessica (D:2)
  2 orc wizards
  2 sleepcaps
  6 adders
  9 gnolls
  A shadow imp (D:7)
  3 worms (D:2)
  2 dart slugs (D:1)
  16 orcs
  6 ball pythons
  3 bats (D:1)
  5 endoplasms
  4 giant cockroaches
  15 goblins
  8 hobgoblins
  8 jackals
  17 kobolds
  A quokka (D:5)
  3 frilled lizards (D:1)
  3 rats
141 creatures vanquished.

Notes
Turn   | Place    | Note
-------+----------+-------------------------------------------
     0 | D:1      | qw the Gargoyle Hunter began the quest for the Orb.
     0 | D:1      | Reached XP level 1. HP: 12/12 MP: 1/1
     0 | D:1      | 0 ||| qw: Version: 0.3-a-83-gcd0e7d8
     0 | D:1      | 0 ||| qw: Game counter: 1488
     0 | D:1      | 0 ||| qw: Melee chars always use a shield: true
     0 | D:1      | 0 ||| qw: God list: Okawaru
     0 | D:1      | 0 ||| qw: Allow faded altars: false
     0 | D:1      | 0 ||| qw: Do Orc after clearing Dungeon:15 true
     0 | D:1      | 0 ||| qw: Do second Lair branch before Depths: true
     0 | D:1      | 0 ||| qw: Lair rune preference: random
     0 | D:1      | 0 ||| qw: Goals: Normal
     0 | D:1      | 0 ||| PLANNING D:1-11
    54 | D:1      | Reached XP level 2. HP: 17/17 MP: 2/2
   349 | D:1      | Reached XP level 3. HP: 15/21 MP: 3/3
   355 | D:1      | Reached skill level 5 in Ranged Weapons
  1047 | D:1      | 1047 ||| UPGRADING to +0 pair of gloves.
  1052 | D:1      | 1052 ||| READING scroll labelled CEYRIJ PU UKH.
  1053 | D:1      | 1053 ||| READING scroll labelled HYIMA IWOC.
  1054 | D:1      | 1054 ||| READING scroll labelled COPNIWI VUJE.
  1055 | D:1      | 1055 ||| DROPPING scroll of butterflies.
  1263 | D:2      | Reached skill level 3 in Fighting
  1384 | D:2      | Reached XP level 4. HP: 28/28 MP: 4/4
  1406 | D:2      | Noticed Jessica
  1412 | D:2      | Killed Jessica
  1514 | D:2      | Reached XP level 5. HP: 32/32 MP: 5/5
  1731 | D:2      | 1731 ||| UPGRADING to +0 ring mail.
  1741 | D:2      | 1741 ||| DROPPING +0 leather armour.
  1742 | D:2      | 1742 ||| UPGRADING to +3 ring mail.
  1752 | D:2      | 1752 ||| DROPPING +0 ring mail.
  1753 | D:2      | 1753 ||| READING scroll labelled SIMYDD QATOUCS.
  1754 | D:2      | 1754 ||| READING scroll labelled BEYVVI AROI.
  1755 | D:2      | 1755 ||| DRINKING 3 cyan potions.
  1815 | D:3      | Reached skill level 1 in Armour
  1931 | D:3      | Identified the +1 leather armour "Vaclevut" {+Blink rPois
                  | rF- Dex-2}
  1963 | D:3      | Reached skill level 6 in Ranged Weapons
  2408 | D:3      | Found a shimmering blue altar of Sif Muna.
  2668 | D:3      | 2668 ||| UPGRADING to +1 pair of gloves.
  2678 | D:3      | 2678 ||| DROPPING +0 pair of gloves.
  2679 | D:3      | 2679 ||| DROPPING +1 leather armour "Vaclevut" {+Blink
                  | rPois rF- Dex-2}.
  2680 | D:3      | 2680 ||| READING scroll labelled OPRUNOFAQI.
  2685 | D:3      | 2685 ||| READING scroll labelled GAORADWAIKH.
  2686 | D:3      | 2686 ||| READING scroll labelled DYNNE VUOVOA.
  2687 | D:3      | 2687 ||| READING 2 scrolls of identify.
  2687 | D:3      | 2687 ||| IDENTIFYING fuming ruby potion
  2688 | D:3      | 2688 ||| DROPPING potion of berserk rage.
  2764 | D:4      | Noticed Sigmund
  2783 | D:4      | 2783 ||| DRINKING 2 potions of curing.
  2783 | D:4      | 2783 ||| (to cure confusion)
  2785 | D:4      | Killed Sigmund
  2786 | D:4      | Reached XP level 6. HP: 40/40 MP: 6/6
  2972 | D:4      | Noticed Edmund
  2990 | D:4      | Killed Edmund
  2991 | D:4      | Reached skill level 7 in Ranged Weapons
  2991 | D:4      | Reached XP level 7. HP: 14/44 MP: 7/7
  3451 | D:4      | 3451 ||| UPGRADING to +2 pair of gloves.
  3461 | D:4      | 3461 ||| DROPPING +1 pair of gloves.
  3462 | D:4      | 3462 ||| READING scroll labelled QIKIEH HIMETT.
  3463 | D:4      | 3463 ||| READING scroll labelled BAXTOY GOPH.
  3464 | D:4      | 3464 ||| DRINKING 2 amethyst potions.
  3465 | D:4      | 3465 ||| READING 2 scrolls of identify.
  3465 | D:4      | 3465 ||| IDENTIFYING metallic black potion
  3466 | D:4      | 3466 ||| DROPPING potion of degeneration.
  3470 | D:5      | Entered Level 5 of the Dungeon
  3706 | D:5      | Reached skill level 8 in Ranged Weapons
  3718 | D:5      | Reached XP level 8. HP: 50/50 MP: 8/8
  3945 | D:5      | Reached skill level 9 in Ranged Weapons
  4218 | D:5      | 4218 ||| READING scroll labelled UHUJIPU FUKYL.
  4219 | D:5      | 4219 ||| READING 3 scrolls of identify.
  4219 | D:5      | 4219 ||| IDENTIFYING inky potion
  4220 | D:5      | 4220 ||| DROPPING potion of attraction.
  4242 | D:6      | Found a staircase to the Ecumenical Temple.
  4243 | D:6      | 4243 ||| PLANNING TEMPLE
  4243 | D:6      | 4243 ||| STAIRDANCE
  4247 | D:6      | 4247 ||| STAIRDANCE
  4252 | D:6      | 4252 ||| STAIRDANCE
  4265 | D:6      | 4265 ||| STAIRDANCE
  4282 | D:5      | Reached skill level 6 in Fighting
  4289 | D:6      | 4289 ||| STAIRDANCE
  4413 | D:6      | 4413 ||| STAIRDANCE
  4421 | D:6      | 4421 ||| STAIRDANCE
  4425 | D:6      | 4425 ||| STAIRDANCE
  4429 | D:6      | 4429 ||| STAIRDANCE
  4438 | D:6      | 4438 ||| STAIRDANCE
  4442 | D:6      | 4442 ||| STAIRDANCE
  4446 | D:6      | 4446 ||| STAIRDANCE
  4450 | D:6      | 4450 ||| STAIRDANCE
  4467 | D:6      | 4467 ||| STAIRDANCE
  4473 | D:6      | 4473 ||| STAIRDANCE
  4477 | D:6      | 4477 ||| STAIRDANCE
  4481 | D:6      | 4481 ||| STAIRDANCE
  4485 | D:6      | 4485 ||| STAIRDANCE
  4489 | D:6      | 4489 ||| STAIRDANCE
  4511 | D:6      | 4511 ||| STAIRDANCE
  4523 | D:6      | 4523 ||| FLEEEEING.
  4524 | D:6      | 4524 ||| FLEEEEING.
  4525 | D:6      | 4525 ||| FLEEEEING.
  4540 | Temple   | Found a transporter.
  4540 | Temple   | Found a transporter.
  4540 | Temple   | Found a transporter.
  4540 | Temple   | Found a transporter.
  4540 | Temple   | Entered the Ecumenical Temple
  4541 | Temple   | 4541 ||| PLANNING D:1-11
  4563 | Temple   | 4563 ||| PLANNING OKAWARU WORSHIP
  4570 | Temple   | Became a worshipper of Warmaster Okawaru
  4571 | Temple   | 4571 ||| PLANNING D:1-11
  4619 | D:6      | Identified the +7 chain mail of Vofimuc {*Slow rN+ Slay+2}
  4636 | D:6      | Reached skill level 10 in Ranged Weapons
  4651 | D:6      | Reached XP level 9. HP: 56/56 MP: 9/9
  4665 | D:6      | 4665 ||| Stepping ~*~*~tactically~*~*~ (cloud).
  4666 | D:6      | 4666 ||| FLEEEEING.
  4667 | D:6      | 4667 ||| FLEEEEING.
  4668 | D:6      | 4668 ||| FLEEEEING.
  4669 | D:6      | 4669 ||| Stepping ~*~*~tactically~*~*~ (cloud).
  4671 | D:6      | 4671 ||| FLEEEEING.
  4672 | D:6      | 4672 ||| FLEEEEING.
  4673 | D:6      | 4673 ||| FLEEEEING.
  4679 | D:6      | 4679 ||| FLEEEEING.
  4764 | D:6      | 4764 ||| Stepping ~*~*~tactically~*~*~ (cloud).
  4768 | D:6      | 4768 ||| Stepping ~*~*~tactically~*~*~ (cloud).
  4770 | D:6      | 4770 ||| Stepping ~*~*~tactically~*~*~ (cloud).
  5050 | D:6      | 5050 ||| READING 3 scrolls of identify.
  5050 | D:6      | 5050 ||| IDENTIFYING yellow potion
  5051 | D:6      | 5051 ||| DROPPING potion of brilliance.
  5374 | D:7      | Reached * piety under Okawaru
  6073 | D:7      | 6073 ||| INVOKING Heroism.
  6084 | D:7      | 6084 ||| UPGRADING to +0 helmet.
  6093 | D:7      | HP: 12/57 [swamp worm (5)]
  6094 | D:7      | 6094 ||| READING 2 scrolls of teleportation.
  6096 | D:7      | HP: 4/57 [swamp worm (9)]
  6096 | D:7      | Demolished by a swamp worm

Levels and vault maps discovered:
D:1:      dpeg_arrival_morbid_curiosity, layout_basic, nrook_uturn
D:2:      layout_basic, uniq_jessica
D:3:      kennysheep_the_goblin_king, layout_basic,
          mainiacjoe_overflow_concentric_impassable
D:4:      layout_gridville, serial_forest, infiniplex_forest_clump_diagonal,
          infiniplex_forest_clump_diagonal, infiniplex_forest_lined_3,
          infiniplex_forest_lined_corner, uniq_sigmund, uniq_edmund
D:5:      layout_basic
D:6:      layout_gridville, minmay_temple_entry_offerings,
          mrwooster_statue_mirror
D:7:      layout_basic, worms_lemuel
Temple:   hellmonk_temple_divided_pantheon

Skill      XL: |  1  2  3  4  5  6  7  8  9 |
---------------+----------------------------+-----
Ranged Weapons | 5 6 7 8 10 | 10.9
Fighting       | 3 5 6 7 |  7.1
Armour         | 1 2 |  2.0
Dodging        | 2 |  2.2
Stealth        | |  1.1
Invocations    | |  0.5

Action                     |  1- 3 |  4- 6 |  7- 9 || total
---------------------------+-------+-------+-------++-------
   Fire: Shortbow          |   101 |   192 |   282 ||   575
 Invoke: Heroism           |       |       |     1 ||     1
    Use: Scroll            |     3 |     6 |     7 ||    16
         Potion            |       |     2 |     1 ||     3
 Armour: Leather armour    |    36 |    12 |       ||    48
         Ring mail         |       |    98 |   167 ||   265
  Dodge: Dodged            |    25 |    52 |   121 ||   198

Table legend:
 A = Non-vault XP
 B = Vault XP
 C = Vault XP percentage of total XP
 D = Non-vault monster count
 E = Vault monster count
 F = Vault count percentage of total count
                 A         B        C        D         E       F
            +---------+---------+-------+---------+---------+-------
      Total |    2843 |     449 |  13.6 |     127 |      15 |  10.6
            +---------+---------+-------+---------+---------+-------
        D:1 |      48 |       9 |  15.8 |      24 |       5 |  17.2
        D:2 |      75 |      37 |  33.0 |      17 |       1 |   5.6
        D:3 |      91 |      13 |  12.5 |      20 |       7 |  25.9
        D:4 |     233 |     390 |  62.6 |      11 |       2 |  15.4
        D:5 |    1106 |       0 |   0.0 |      28 |       0 |   0.0
        D:6 |    1114 |       0 |   0.0 |      21 |       0 |   0.0
        D:7 |     176 |       0 |   0.0 |       6 |       0 |   0.0
            +---------+---------+-------+---------+---------+-------
